 Dungeon Crawl Stone Soup version 0.27-a0-1312-g5cdb2b3542 (webtiles) character file.

Game seed: 13628741015517825898

78 Conn the Firebug (level 4, -2/27 HPs)
             Began as an Octopode Fire Elementalist on June 19, 2021.
             Killed from afar by Terence (11 damage)
             ... with a puff of flame
             ... on level 2 of the Dungeon.
             The game lasted 00:03:44 (2701 turns).

Conn the Firebug (Octopode Fire Elementalist)       Turns: 2701, Time: 00:03:45

Health: -2/27      AC:  1    Str:  7    XL:     4   Next: 36%
Magic:  7/7        EV: 13    Int: 18    God:
Gold:   52         SH:  0    Dex: 12    Spells: 4/7 levels left

rFire    . . .     SeeInvis .   b - +0 short sword
rCold    . . .     Faith    .   (no shield)
rNeg     . . .     Spirit   .   (helmet restricted)
rPois    .         Reflect  .   (no amulet)
rElec    .         Harm     .   (no ring)
rCorr    .         Rampage  .   (no ring)
Will     .....                  (no ring)
Stlth    +++.......             (no ring)
HPRegen  0.09/turn              (no ring)
MPRegen  0.10/turn              (no ring)
                                (no ring)
                                (no ring)

@: brilliant
A: almost no armour, amphibious, 8 rings, camouflage 1, gelatinous body 1,
(nimble swimmer 1), tentacles
a: no special abilities


You were on level 2 of the Dungeon.
You visited 1 branch of the dungeon, and saw 2 of its levels.

You collected 52 gold pieces.

Inventory:

Hand Weapons
 b - a +0 short sword (weapon)
Scrolls
 a - a scroll of immolation {unknown}
 d - a scroll of identify {unknown}
 g - 3 scrolls of brand weapon {unknown}
Potions
 e - a potion of curing {unknown}


   Skills:
 + Level 0.8 Fighting
 + Level 2.1 Dodging
 + Level 3.2 Stealth
 + Level 0.2 Unarmed Combat
 + Level 2.4 Spellcasting
 * Level 1.5 Conjurations
 * Level 0.1 Translocations
 * Level 4.0 Fire Magic


You had 4 spell levels left.
You knew the following spells:

 Your Spells              Type           Power      Damage    Failure   Level
a - Foxfire               Conj/Fire      72%        2x1d7     5%          1
b - Blink                 Tloc           N/A        N/A       24%         2

Your spell library contained the following spells:

 Spells                   Type           Power      Damage    Failure   Level
 Magic Dart               Conj           44%        1d5       9%          1
 Apportation              Tloc           8%         N/A       16%         1
 Animate Skeleton         Necr           6%         N/A       17%         1
 Corona                   Hex            3%         N/A       17%         1
 Summon Small Mammal      Summ           12%        N/A       17%         1
 Conjure Flame            Conj/Fire      18%        6-21      17%         3
 Inner Flame              Hex/Fire       14%        N/A       22%         3
 Call Imp                 Summ           3%         N/A       26%         2
 Slow                     Hex            3%         N/A       26%         2
 Mephitic Cloud           Conj/Pois/Air  6%         N/A       38%         3
 Sticky Flame             Conj/Fire      18%        2d4       50%         4
 Fireball                 Conj/Fire      9%         3d6       83%         5


Dungeon Overview and Level Annotations

Branches:
Dungeon (2/15)

Altars:

Annotations:
D:2 Terence


Innate Abilities, Weirdness & Mutations

You cannot wear most types of armour.
You are amphibious.
You can wear up to eight rings at the same time.
Your skin changes colour to match your surroundings (Stealth+).
Your rubbery body absorbs attacks. (AC +1, EV +1)
((You are camouflaged near water. (Stealth+)))
You have tentacles for arms and can constrict up to eight enemies at once.


Message History

You constrict the quokka.
You kill the quokka!
Your Fire Magic skill increases to level 4!
Throw: 4 darts (atropa)
Press: ? - help, Q - select action, (/) - cycle Shift-Dir - straight line, f/p - Terence
Aim: Terence, wielding a +0 flail, wearing a +0 scale mail and carrying a wand of flame (13) (moderately wounded, 60% to hit, chance to blind on hit: 100%)
You throw an atropa-tipped dart.
The atropa-tipped dart closely misses Terence.
Throw: 3 darts (atropa)
Press: ? - help, Q - select action, (/) - cycle Shift-Dir - straight line, f/p - Terence
Aim: Terence, wielding a +0 flail, wearing a +0 scale mail and carrying a wand of flame (13) (moderately wounded, 60% to hit, chance to blind on hit: 100%)
You throw an atropa-tipped dart.
The atropa-tipped dart barely misses Terence.
Throw: 2 darts (atropa)
Press: ? - help, Q - select action, (/) - cycle Shift-Dir - straight line, f/p - Terence
Aim: Terence, wielding a +0 flail, wearing a +0 scale mail and carrying a wand of flame (13) (moderately wounded, 60% to hit, chance to blind on hit: 100%)
You throw an atropa-tipped dart. The atropa-tipped dart hits Terence.
Terence appears confused.
Terence is moderately wounded.
Terence seems less confused.
You see here an atropa-tipped dart.
You hit Terence but do no damage. Your grab misses Terence.
Terence is moderately wounded.
Terence asks, "Do you want it fast or slow?"
Terence hits you with a +0 flail! x2
* * * LOW HITPOINT WARNING * * *
Terence is no longer blind.
Throw: dart (atropa)
Press: ? - help, Q - select action, (/) - cycle Shift-Dir - straight line, f/p - Terence
Aim: Terence, wielding a +0 flail, wearing a +0 scale mail and carrying a wand of flame (13) (moderately wounded, 60% to hit, chance to blind on hit: 100%)
You throw an atropa-tipped dart. The atropa-tipped dart hits Terence.
Terence appears confused.
Terence is moderately wounded.
Okay, then.
Terence seems less confused.
Terence is no longer blind.
It was a potion of brilliance.
You feel clever all of a sudden.
Terence zaps a wand.
The puff of flame hits you!
You die...

.......##.#
#.# #.##.
..........#
#.# #.
.##########
#.# #. .# #.#
#. .# #.# #.
.# ######.# #.
#......# ...
#.###### .##
#@# #.# #.#
#@#
############.#
#...@......#.#
#.########.#(#
#####.# #.#(#
....#.# #.#.#


You could see Terence.

Vanquished Creatures
  4 adders (D:2)
  2 dart slugs
  An endoplasm (D:1)
  5 goblins
  3 hobgoblins
  8 jackals
  A kobold (D:1)
  A quokka (D:2)
  3 ball pythons
  4 bats
  A frilled lizard (D:1)
  3 rats (D:1)
36 creatures vanquished.

Vanquished Creatures (others)
  105 foxfires
  2 plants (D:2)
107 creatures vanquished.

Grand Total: 143 creatures vanquished

Notes
Turn   | Place    | Note
-------+----------+-------------------------------------------
     0 | D:1      | Conn the Octopode Fire Elementalist began the quest for the
                  | Orb.
     0 | D:1      | Reached XP level 1. HP: 11/11 MP: 3/3
   463 | D:1      | Reached XP level 2. HP: 15/17 MP: 5/5
   527 | D:1      | Learned a level 2 spell: Blink
  1271 | D:1      | Found a faded altar of an unknown god.
  1463 | D:1      | Reached XP level 3. HP: 21/21 MP: 2/6
  2004 | D:2      | Reached XP level 4. HP: 23/27 MP: 3/7
  2410 | D:2      | Noticed Terence
  2683 | D:2      | Reached skill level 4 in Fire Magic
  2701 | D:2      | Killed from afar by Terence

Illustrated notes

Levels and vault maps discovered:
D:1:      dpeg_arrival_connections, layout_loops_ring,
          hellmonk_ecumenical_altar_inner_sanctum
D:2:      layout_basic, serial_forest, infiniplex_forest_lined_2,
          infiniplex_forest_join, infiniplex_forest_clump_tiny,
          infiniplex_forest_straight_2, uniq_terence

Skill      XL: |  1  2  3  4 |
---------------+-------------+-----
Stealth        | 3 |  3.2
Fire Magic     | 4 |  4.0
Fighting       | |  0.8
Dodging        | |  2.1
Unarmed Combat | |  0.2
Spellcasting   | |  2.4
Conjurations   | |  1.5
Translocations | |  0.1

Action                   |  1- 3 |  4- 6 || total
-------------------------+-------+-------++-------
Melee: Unarmed           |    14 |       ||    14
       Constrict         |     4 |     3 ||     7
       Tentacles         |     3 |     1 ||     4
       Short sword       |     3 |    12 ||    15
Throw: Dart              |       |     6 ||     6
 Cast: Foxfire           |    58 |     5 ||    63
  Use: Potion            |       |     1 ||     1
 Stab: Sleeping          |     1 |     3 ||     4
Armor: Skin              |     6 |     1 ||     7
Dodge: Dodged            |    24 |     9 ||    33

Table legend: (Time is in decaauts)
 A = Elapsed time spent in this place.
 B = Non-inter-level travel time spent in this place.
 C = Inter-level travel time spent in this place.
 D = Time resting spent in this place.
 E = Time spent auto-exploring this place.
 F = Levels seen in this place.
 G = Mean time per level.
                   A        B        C        D        E       F      G
               +--------+--------+--------+--------+--------+-----+--------+
         Total |   2701 |   2668 |     33 |    200 |   2012 |   2 | 1350.5 |
       Dungeon |   2701 |   2668 |     33 |    200 |   2012 |   2 | 1350.5 |
               +--------+--------+--------+--------+--------+-----+--------+

Top non-repeatable levels by time:
     D:1: 1708 daAuts
     D:2: 993 daAuts
